[Event "Klubbmästerskap 2025 Torsdagar"]
[Site "Linköping, Sweden"]
[Date "2025.01.16"]
[Round "1.1"]
[White "Thyberg, André"]
[Black "Olsson, Simon"]
[Result "0-1"]
[TimeControl "90 min + 30 sec/move"]
[WhiteElo "1961"]
[BlackElo "2075"]

1. e4 c5 2. c3 d5 3. exd5 Qxd5 4. d4 Nf6 5. Nf3 Bg4 6. Be2 e6 7. Na3 Nc6 8. O-O cxd4 9. Nb5 Rc8 10.
Nbxd4 Nxd4 11. Nxd4 Bxe2 12. Qxe2 Be7 13. Rd1 a6 14. Nf3 Qc4 15. Qe5 O-O 16. Be3 Ng4 17. Qf4 Nxe3 18. Qxe3 Rfd8 19.
Qb6 Qc7 20. Rxd8+ Bxd8 21. Qb3 Qb6 22. Qa3 Bf6 23. Rd1 Rd8 24. Rxd8+ Qxd8 25. Qb3 Qd7 26. c4 Bxb2 27. h3 Bf6 28.
Qe3 h6 29. Qe4 Qc6 30. Qxc6 bxc6 31. Kf1 Kf8 32. Ke2 c5 33. Nd2 Ke7 34. Kd3 Bd4 35. f3 f5 36. g4 Kf6 37. Nb3 Bg1 38.
f4 e5 39. fxe5+ Kxe5 40. gxf5 Kxf5 41. Nc1 g5 42. Ke2 Ke4 43. Nb3 h5 44. Nd2+ Kf4 45. Nf3 Bd4 46. Nxd4 cxd4 47. Kd3 Ke5 48.
c5 Kd5 49. c6 Kxc6 50. Kxd4 Kd6 51. Ke4 Ke6 52. a3 Kf6 53. a4 a5 54. Kd4 Ke5+ 0-1

[Event "Klubbmästerskap 2025 Torsdagar"]
[Site "Linköping, Sweden"]
[Date "2025.01.16"]
[Round "1.2"]
[White "Roginski, Hugo"]
[Black "Pettersson, Börje"]
[Result "0-1"]
[TimeControl "90 min + 30 sec/move"]
[WhiteElo "1884"]
[BlackElo "1906"]

1. e4 c5 2. Nf3 d6 3. d4 cxd4 4. Nxd4 Nf6 5. Nc3 a6 6. Be2 e5 7. Nb3 Be7 8. O-O Be6 9. f4 Qc7 10.
Be3 Nbd7 11. Kh1 Rc8 12. Qe1 b5 13. a3 Bc4 14. Rd1 Bxe2 15. Qxe2 O-O 16. f5 Rfe8 17. Rd2 Qc4 18. Bg1 Qxe2 19.
Rxe2 Rc4 20. Rd1 Rec8 21. Rd3 Bf8 22. Nd2 R4c6 23. h3 Nh5 24. Bh2 g6 25. g4 Nf4 26. Bxf4 exf4 27. Nf3 Ne5 28.
Nxe5 dxe5 29. Rd7 Bxa3 30. Nxb5 Bc5 31. Nc3 f3 32. Re1 Bb4 33. Rd3 Bxc3 34. bxc3 Rxc3 35. Ree3 Rxd3 36. cxd3 Rc1+ 0-1

[Event "Klubbmästerskap 2025 Torsdagar"]
[Site "Linköping, Sweden"]
[Date "2025.01.16"]
[Round "1.3"]
[White "Löfgren, Vide"]
[Black "Gustafsson, Nils"]
[Result "1-0"]
[TimeControl "90 min + 30 sec/move"]
[WhiteElo "1928"]
[BlackElo "1860"]

1. b3 e5 2. Bb2 Nc6 3. c4 Nf6 4. Nc3 Bb4 5. g3 O-O 6. Bg2 Bxc3 7. dxc3 d6 8. e4 Ne8 9. Nf3 f5 10.
exf5 Bxf5 11. O-O Nf6 12. Ng5 Ne7 13. f4 Bg4 14. Qd2 exf4 15. Rxf4 h6 16. Ne4 Nxe4 17. Bxe4 Qd7 18. Raf1 Rxf4 19.
Qxf4 Bh3 20. Rf2 Nc6 21. Bc1 Re8 22. Be3 Qe7 23. Bg6 Rf8 24. Qxf8+ Qxf8 25. Bh7+ Kxh7 26. Rxf8 Kg6 27. Bd4 Bf5 28.
Rg8 Nxd4 29. cxd4 Bb1 30. Rb8 Bxa2 31. Rxb7 Kf5 32. Rxa7 Bxb3 33. Rxc7 Ke4 34. c5 d5 35. c6 Kxd4 36.
Rxg7 Bc2 37. g4 1-0

[Event "Klubbmästerskap 2025 Torsdagar"]
[Site "Linköping, Sweden"]
[Date "2025.01.16"]
[Round "1.4"]
[White "Halvarsson, Peter"]
[Black "Skytt, Klas"]
[Result "1-0"]
[TimeControl "90 min + 30 sec/move"]
[WhiteElo "1927"]
[BlackElo "1764"]

1. e4 c5 2. Nf3 d6 3. b4 b6 4. Bc4 e6 5. d3 a6 6. bxc5 b5 7. Bb3 dxc5 8. O-O Nf6 9. a4 Bb7 10.
Na3 Be7 11. Be3 b4 12. Nc4 a5 13. Nce5 h6 14. Nxf7 1-0

[Event "Klubbmästerskap 2025 Torsdagar"]
[Site "Linköping, Sweden"]
[Date "2025.01.16"]
[Round "1.5"]
[White "Snällfot, Magnus"]
[Black "Davidsson, Asker"]
[Result "1-0"]
[TimeControl "90 min + 30 sec/move"]
[WhiteElo "1778"]
[BlackElo "1823"]

1. e4 c5 2. Nf3 Nc6 3. Bb5 Qc7 4. Bxc6 Qxc6 5. Nc3 Nf6 6. e5 Nd5 7. O-O g6 8. d4 Bg7 9. Nxd5 Qxd5 10.
c3 O-O 11. Qb3 Qxb3 12. axb3 cxd4 13. cxd4 b5 14. Bf4 Bb7 15.
Rfc1 f6 16. Nd2 fxe5 17. Bxe5 Bxe5 18.
dxe5 Rfc8 19. b4 Rxc1+ 20. Rxc1 Rc8 21. Rxc8+ Bxc8 22. Nb3 Kf7 23. Nd4 a6 24. f4 Bb7 25. h4 e6 26. Kf2 Ke7 27.
g3 Bd5 28. Ke3 Kd8 29. Nc2 Kc7 30. Kd4 Kb6 31. Ne3 Bf3 32. Nf1 h5 33. Nd2 Bd5 34. Nf1 a5 35. bxa5+ Kxa5 36. Kc5 Ka4 37.
b4 Bc6 38. Ne3 Bf3 39. Nc2 Bg2 40. Nd4 Bc6 41. Nxc6 dxc6 42. Kd6 Kxb4 43. Kxe6 c5 44. Kf6 c4 45. e6 c3 46. e7 c2 47.
e8=Q c1=Q 48. Kxg6 Qc5 49. f5 Qd6+ 50. Kxh5 Qxg3 51. Qg6 Qe5 52. Kh6 Qh8+ 53. Kg5 Qd8+ 54. f6 Qd5+ 55. Qf5 Qg8+ 56.
Kf4 Qf7 57. h5 Kc3 58. h6 Qc4+ 59. Kg5 Qg8+ 60. Kf4 Qc4+ 61. Qe4 Qf7 62. Qe7 Qc4+ 63. Kg5 Qd5+ 64. Kg6 Qg8+ 65. Qg7 Qe6 66.
Kh7 Qf5+ 67. Qg6 Qc8 68. Kg7 b4 69. f7 b3 70. f8=Q Qxf8+ 71. Kxf8 b2 72. Qb1 1-0